 Dungeon Crawl Stone Soup version 0.30.1-1-g62c8e00024 (webtiles) character file.

Game seed: 5459457128210377153

2339063 croobank the Worldbinder (level 27, 247/297 HPs)
             Began as a Demonspawn Summoner on July 12, 2023.
             Was an Initiate of Gozag.
             Escaped with the Orb
             ... and 5 runes on July 14, 2023!
             The game lasted 13:04:28 (115603 turns).

croobank the Worldbinder (Demonspawn Summoner)    Turns: 115603, Time: 13:04:29

Health: 247/297    AC: 24    Str: 14    XL:     27
Magic:  47/47      EV: 27    Int: 43    God:    Gozag
Gold:   1021       SH: 10    Dex: 24    Spells: 1/66 levels left

rFire   + + +        H - +4 dagger "Ohurauw" {flame, rElec Dex+3 Stlth+}
rCold   + . .        Y - +3 buckler {AC+3}
rNeg    . . .        g - +5 faerie dragon scales {rCorr Str+3 Int+4}
rPois   .            (helmet unavailable)
rElec   +            m - +2 cloak {rCorr}
rCorr   +            z - +2 pair of gloves {Dex+3}
SInv    +            r - +1 pair of boots "Ywnih" {rF+}
Will    +++..        A - amulet "Kezemniu" {RegenMP +Inv Dex+3}
Stlth   ++           W - ring of willpower
HPRegen 1.49/turn    R - ring of Lugonu's Castigation {rF+ rC+ Str+3 Int+7}
MPRegen 0.70/turn

%: no passive effects
@: hasted, studying 2 skills, very quick
A: antennae 3, foul stench 3, robust 3, spiny 3, sanguine armour 3, clever 1,
fire resistance 1, regeneration 1, screaming 1, noise suppression
0: Orb of Zot
}: 5/15 runes: decaying, slimy, silver, abyssal, gossamer
a: Renounce Religion, Evoke Invisibility, Potion Petition, Call Merchant, Bribe
Branch


You escaped.
You worshipped Gozag.
Gozag was most pleased with you.
You visited 11 branches of the dungeon, and saw 55 of its levels.
You visited the Abyss 1 time.
You visited 1 bazaar.
You visited 1 ziggurat, and saw 10 of its levels.
You also visited: Ice Cave.

You collected 33626 gold pieces.
You spent 4202 gold pieces at shops.
You paid 28403 gold pieces to Gozag.

Inventory:

Hand Weapons
 a - a +9 dagger of speed
 H - the +4 dagger "Ohurauw" (weapon) {flame, rElec Dex+3 Stlth+}
   (You found it on level 1 of the Realm of Zot)

   Dex:       It affects your dexterity (+3).
   rElec:     It insulates you from electricity.
   Stlth:     It makes you more stealthy.
Missiles
 n - 20 javelins
 N - 43 atropa-tipped darts (quivered)
 P - 5 throwing nets
Armour
 g - the +5 faerie dragon scales (worn) {rCorr Str+3 Int+4}
   (You took it off the Enchantress on level 1 of the Depths)

   Str:       It affects your strength (+3).
   Int:       It affects your intelligence (+4).
   rCorr:     It protects you from acid and corrosion.
 m - a +2 cloak of preservation (worn)
 r - the +1 pair of boots "Ywnih" (worn) {rF+}
   (You found it on level 5 of the Pits of Slime)

   rF:        It protects you from fire.
 z - a +2 pair of gloves of dexterity (worn)
 Y - a +3 buckler of protection (worn)
Jewellery
 o - a ring of magical power
 p - a ring of fire
 u - a ring of magical power
 v - a ring of protection from cold
 x - the amulet of the Hidden Towns {Acrobat Will+ rCorr Int+3}
   (You found it on level 4 of the Dungeon)

   [amulet of the acrobat]

   It increases your evasion while moving and waiting.
   Int:       It affects your intelligence (+3).
   rCorr:     It protects you from acid and corrosion.
   Will:      It increases your willpower.
 A - the amulet "Kezemniu" (around neck) {RegenMP +Inv Dex+3}
   (You found it on level 10 of a ziggurat)

   [amulet of magic regeneration]

   It increases your rate of magic regeneration.
   Dex:       It affects your dexterity (+3).
   +Inv:      It lets you turn invisible.
 L - a ring of positive energy
 M - the ring "Wymn" {rN+ Str+2 SInv Stlth+}
   (You found it on level 5 of the Lair of Beasts)

   [ring of see invisible]

   Str:       It affects your strength (+2).
   rN:        It protects you from negative energy.
   SInv:      It lets you see invisible.
   Stlth:     It makes you more stealthy.
 Q - the amulet of Vualappo {Reflect +Inv SH+5}
   (You found it on level 10 of a ziggurat)

   [amulet of reflection]

   It reflects blocked missile attacks.
   +Inv:      It lets you turn invisible.
   SH:        It affects your SH (+5).
 R - the ring of Lugonu's Castigation (right hand) {rF+ rC+ Str+3 Int+7}
   (You found it on level 2 of the Depths)

   [ring of protection from fire]

   Str:       It affects your strength (+3).
   Int:       It affects your intelligence (+7).
   rF:        It protects you from fire.
   rC:        It protects you from cold.
 T - a ring of protection from cold
 W - a ring of willpower (left hand)
 X - the ring "Faproygi" {Fire Will+ Dex+2 Stlth-}
   (You found it on level 3 of the Elven Halls)

   [ring of fire]

   It enhances your fire magic.
   Dex:       It affects your dexterity (+2).
   rF:        It protects you from fire.
   rC:        It makes you vulnerable to cold.
   Will:      It increases your willpower.
   Stlth:     It makes you less stealthy.
Wands
 f - a wand of flame (101)
 E - a wand of iceblast (51)
 G - a wand of digging (44)
 K - a wand of mindburst (14)
 U - a wand of light (30)
Scrolls
 b - 19 scrolls of teleportation
 h - 5 scrolls of magic mapping
 B - 14 scrolls of fog
 F - 5 scrolls of immolation
 J - a scroll of silence
 O - 2 scrolls of blinking
 S - 10 scrolls of enchant armour
 V - 8 scrolls of amnesia
 Z - 11 scrolls of vulnerability
Potions
 c - 7 potions of might
 d - 2 potions of haste
 e - 2 potions of resistance
 i - 9 potions of flight
 j - 8 potions of invisibility
 k - 6 potions of cancellation
 l - 8 potions of heal wounds
 q - 11 potions of mutation
 s - 2 potions of brilliance
 t - 9 potions of attraction
 C - 29 potions of curing
 I - a potion of berserk rage
Miscellaneous
 w - a phial of floods
 y - a phantom mirror
 D - a condenser vane


   Skills:
 + Level 21.5 Fighting
 - Level 10.0 Short Blades
 - Level 5.0 Armour
 - Level 19.0 Dodging
 - Level 4.6 Stealth
 - Level 7.0 Shields
 - Level 20.0 Spellcasting
 - Level 14.1 Conjurations
 - Level 5.0 Hexes
 - Level 26.0 Summonings
 - Level 14.8 Necromancy
 - Level 16.0 Translocations
 - Level 5.0 Transmutations
 - Level 5.2 Fire Magic
 - Level 7.0 Air Magic


You had one spell level left.
You knew the following spells:

 Your Spells              Type           Power      Damage    Failure   Level
a - Summon Horrible Thin  Summ           66%        N/A       1%          8
b - Summon Forest         Summ/Tloc      61%        N/A       0%          5
e - Summon Lightning Spi  Summ/Air       100%       N/A       0%          4
f - Summon Mana Viper     Hex/Summ       100%       N/A       1%          5
g - Summon Cactus Giant   Summ           66%        N/A       0%          6
i - Inner Flame           Hex/Fire       72%        N/A       1%          3
j - Summon Hydra          Summ           66%        N/A       1%          7
k - Malign Gateway        Summ/Tloc      61%        N/A       1%          7
l - Haunt                 Necr/Summ      60%        N/A       1%          7
u - Dispel Undead         Necr           100%       3d31      1%          4
z - Dragon's Call         Summ           66%        N/A       2%          9

Your spell library contained the following spells:

 Spells                   Type           Power      Damage    Failure   Level
 Apportation              Tloc           100%       N/A       0%          1
 Kiss of Death            Conj/Necr      100%       2d13      0%          1
 Magic Dart               Conj           100%       1d8       0%          1
 Necrotise                Necr           100%       1d9       0%          1
 Shock                    Conj/Air       100%       1d9       0%          1
 Summon Small Mammal      Summ           100%       N/A       0%          1
 Freeze                   Ice            100%       1d10      1%          1
 Sandblast                Erth           86%        2d18      1%          1
 Slow                     Hex            100%       N/A       1%          1
 Sting                    Tmut/Pois      100%       1d8       1%          1
 Blink                    Tloc           100%       N/A       0%          2
 Call Imp                 Summ           100%       N/A       0%          2
 Lesser Beckoning         Tloc           100%       N/A       0%          2
 Momentum Strike          Conj/Tloc      100%       3d10      0%          2
 Searing Ray              Conj           100%       2d8       0%          2
 Sublimation of Blood     Necr           100%       N/A       0%          2
 Call Canine Familiar     Summ           100%       N/A       0%          3
 Gell's Gravitas          Tloc           100%       N/A       0%          3
 Summon Guardian Golem    Hex/Summ       100%       N/A       0%          3
 Teleport Other           Tloc           100%       N/A       0%          3
 Vampiric Draining        Necr           100%       2d13      0%          3
 Manifold Assault         Tloc           100%       N/A       0%          4
 Passage of Golubria      Tloc           100%       N/A       0%          4
 Cigotuvi's Dreadful Rot  Necr/Pois/Air  100%       N/A       1%          2
 Ensorcelled Hibernation  Hex/Ice        100%       N/A       1%          2
 Passwall                 Tmut/Erth      49%        N/A       1%          2
 Scorch                   Fire           100%       2d9       1%          2
 Wereblood                Tmut           72%        N/A       1%          2
 Confusing Touch          Hex            72%        N/A       1%          3
 Dazzling Flash           Conj/Hex       100%       N/A       1%          3
 Hailstorm                Conj/Ice       81%        3d16      1%          3
 Ignite Poison            Fire/Tmut/Pois 64%        N/A       1%          3
 Mephitic Cloud           Conj/Pois/Air  80%        N/A       1%          3
 Spider Form              Tmut/Pois      59%        N/A       1%          3
 Stone Arrow              Conj/Erth      100%       3d13      1%          3
 Swiftness                Air            80%        N/A       1%          3
 Tukima's Dance           Hex            72%        N/A       1%          3
 Vhi's Electric Charge    Tloc/Air       100%       N/A       1%          3
 Volatile Blastmotes      Fire/Tloc      100%       2d18      1%          3
 Airstrike                Air            40%        2d(6-22)  1%          4
 Anguish                  Hex/Necr       45%        N/A       1%          4
 Cause Fear               Hex            36%        N/A       1%          4
 Flame Wave               Conj/Fire      90%        2d19      1%          4
 Fulminant Prism          Conj/Hex       45%        3d21      1%          4
 Iskenderun's Mystic Bla  Conj/Tloc      100%       2d19      1%          4
 Sticky Flame             Conj/Fire      90%        2d10      1%          4
 Summon Ice Beast         Ice/Summ       100%       N/A       1%          4
 Agony                    Necr           100%       N/A       1%          5
 Arcjolt                  Conj/Air       46%        1d56      1%          5
 Borgnjor's Vile Clutch   Necr/Erth      41%        N/A       1%          5
 Iskenderun's Battlesphe  Conj           100%       2d15      1%          5
 Conjure Ball Lightning   Conj/Air       46%        3x3d16    1%          6
 Death Channel            Necr           53%        N/A       1%          6
 Dispersal                Tloc           55%        N/A       1%          6
 Monstrous Menagerie      Summ           66%        N/A       1%          7
 Spellforged Servitor     Conj/Summ      60%        N/A       1%          7
 Frozen Ramparts          Ice            86%        1d13      2%          3
 Ozocubu's Armour         Ice            43%        N/A       2%          3
 Silence                  Hex/Air        38%        N/A       2%          5
 Starburst                Conj/Fire      45%        6d13      2%          6
 Orb of Destruction       Conj           52%        9d13      2%          7
 Leda's Liquefaction      Hex/Erth       29%        N/A       3%          4
 Yara's Violent Unravell  Hex/Tmut       36%        3d15      3%          5
 Iron Shot                Conj/Erth      40%        9d8       8%          6
 Alistair's Intoxication  Tmut/Pois      39%        N/A       9%          5
 Metabolic Englaciation   Hex/Ice        29%        N/A       9%          5
 Disjunction              Tloc           55%        N/A       9%          8
 Plasma Beam              Fire/Air       38%        2x1d57    12%         6
 Borgnjor's Revivificati  Necr           53%        N/A       14%         8
 Infestation              Necr           53%        N/A       14%         8
 Lee's Rapid Deconstruct  Erth           21%        3d12*     26%         5
 Eringya's Noxious Bog    Tmut/Pois      29%        N/A       45%         6
 Statue Form              Tmut/Erth      39%        N/A       45%         6
 Storm Form               Tmut/Air       38%        N/A       54%         7
 Dragon Form              Tmut           36%        N/A       69%         7
 Enfeeble                 Hex            36%        N/A       69%         7
 Necromutation            Tmut/Necr      45%        N/A       71%         8
 Death's Door             Necr           53%        N/A       91%         9
 Lehudib's Crystal Spear  Conj/Erth      40%        10d10     97%         8
 Maxwell's Capacitive Co  Air            40%        ∞         98%         8
 Ozocubu's Refrigeration  Ice            21%        4d12      100%        7
 Discord                  Hex            36%        N/A       100%        8
 Ignition                 Fire           36%        3d11      100%        8
 Chain Lightning          Conj/Air       46%        3d62      100%        9
 Fire Storm               Conj/Fire      45%        8d11      100%        9
 Polar Vortex             Ice            21%        N/A       100%        9
 Shatter                  Erth           21%        3d19*     100%        9
 Animate Dead             Necr           Unusable   N/A       N/A         4
 Simulacrum               Ice/Necr       Unusable   N/A       N/A         6

Dungeon Overview and Level Annotations

Branches:
Dungeon (15/15)            Temple (0/1) D:4            Lair (5/5) D:8
  Swamp (4/4) Lair:2       Spider (4/4) Lair:3        Slime (5/5) Lair:4
    Orc (2/2) D:12            Elf (3/3) Orc:2        Vaults (5/5) D:13
  Crypt (3/3) Vaults:3       Tomb (0/3) Crypt:3      Depths (4/4) D:15
    Zot (5/5) Depths:4      IceCv (visited)

Altars:
Ashenzari
Gozag
Kikubaaqudgha
Trog
Xom
Yredelemnul
Jiyva

Shops:
D:10 :   D:14 *   Orc:2 ((*:*[[*   Elf:1 [   Elf:2 ?   Elf:3 (   Slime:4 *
Vaults:1 [:*   Vaults:3 *   Vaults:4 !   Depths:1 :=:   Depths:2 *:

Portals:
Hell: Depths:1 Depths:2 Depths:3 Depths:4
Abyss: Depths:1 Depths:3
Pandemonium: Depths:2
Trove: D:10 (give +6 demon whip)

Annotations:
Depths:4 2 transporters, Allukodu's ghost, veteran MiGl
Zot:2 4 transporters


Innate Abilities, Weirdness & Mutations

You have a pair of large antennae on your head. (SInv)
You frequently emit foul miasma when damaged in melee.
You are extremely robust. (+30% HP)
You are completely covered in sharp spines.
When seriously injured, your blood forms very thick armour. (AC +0)
Your mind is acute. (Int +4, Str/Dex -1)
Your flesh is heat resistant. (rF+)
Your natural rate of healing is unusually fast.
You occasionally shout uncontrollably at your foes.
You passively dampen the noise of your surroundings.


Message History

You swap places.
The Orb Guardian is no longer moving slowly.
Your four-headed hydra bites the Orb Guardian. x2
Your four-headed hydra misses the Orb Guardian. x2
The Orb Guardian is engulfed in dark miasma.
The Orb Guardian looks even sicker.
The Orb Guardian seems to slow down.
You block the Orb Guardian's attack.
You hit the Orb Guardian. You burn the Orb Guardian.
The Orb Guardian is almost dead.
The Orb Guardian is no longer moving slowly.
Your four-headed hydra disappears in a puff of smoke!
The Orb Guardian is engulfed in dark miasma.
The Orb Guardian looks as sick as possible!
The Orb Guardian misses you.
You closely miss the Orb Guardian.
The Orb Guardian is almost dead.
You miss the Orb Guardian.
The Orb Guardian is almost dead.
The Orb Guardian is engulfed in dark miasma.
The Orb Guardian looks as sick as possible!
You kill the Orb Guardian!
You now have 1021 gold pieces (gained 19).
You feel yourself speed up.
A shadow demon comes into view.
The shadow demon gives a loud, deep croak!
The shadow demon gestures.
Okay, then.
Aiming: Dig
Press: ? - help, Shift-Dir - straight line A rock wall.
This square is covered in magical glow.
The rock shatters into small pieces.
A Feppawaa and a lich come into view.
Blink to where?
Press: ? - help, Dir - move target
As you read the scroll of blinking, it crumbles to dust.
The lich mumbles some strange words.
The lich flickers and vanishes for a moment.
Feppawaa is struck by your spines. Feppawaa hits you!!!
You have escaped!

######..........#..........
###..........................
#####>..###################......
#......## ##.......###..###..##.
#####..# ##.........##....#)###.
#...####.....8.....#......# #(
####...##....8..8..8........## #.
##...#....#.....L.....#.....# #.
....##.#####....@&...##....## #.
.......######.......###....# #.
###.##..##.#######.###.....#####.
##..##..##.....####....#.........
##.####................#.........
.#.# ##.........................
...#######........#.#...(..#.....
#......###......###.#.#..........
...###..##......##..#.##.........


You could see Feppawaa and a lich (invisible).

Vanquished Creatures
  Dissolution (Slime:3)
  An ancient lich (Zig:9)
  An orb of fire (Zot:5)
  Boris (Vaults:5)
  the Enchantress (Depths:1)
  A golden dragon (Zot:1)
  Grunn (Zot:1)
  A quicksilver dragon (Zig:5)
  4 titans (Vaults:5)
  3 Orb Guardians
  An eldritch tentacle (Vaults:5)
  A tentacled starspawn (Abyss:4)
  2 sphinxes (Vaults:5)
  2 tengu reavers
  A storm dragon (Zot:3)
  3 rockslimes (Slime:5)
  A revenant (Crypt:3)
  A frost giant (shapeshifter) (Zig:10)
  A frost giant (IceCv)
  A draconian scorcher (Zot:5)
  2 curse skulls
  A ghost moth (Zot:4)
  4 vault wardens
  5 ghouls
  A draconian shifter (Zot:1)
  An orc warlord (Vaults:1)
  3 spriggan defenders (Depths:1)
  A broodmother (Spider:2)
  2 ironbound preservers
  A draconian annihilator (Zot:2)
  An ironbound thunderhulk (Vaults:2)
  A quicksilver ooze (Slime:5)
  A very ugly thing (Vaults:5)
  2 stone giants (Vaults:5)
  3 vampire knights
  A black draconian (Zot:4)
  A deep elf demonologist (Vaults:2)
  2 green draconians
  A purple draconian (Zot:3)
  2 white draconians (Zot:5)
  The ghost of boopmooplesden the Cruncher, a journeyman GrGl of Trog (Lair:2)
  A deep elf death mage (Elf:1)
  6 jiangshi
  An entropy weaver (shapeshifter) (Depths:2)
  2 ettins (Vaults:5)
  A fire dragon (Lair:5)
  2 eidola (Crypt:1)
  Josephine (D:13)
  2 ice dragons (IceCv)
  A great orb of eyes (Vaults:1)
  Erolcha (Orc:1)
  9 vault guards (Vaults:5)
  4 hydras
  4 centaur warriors
  A spriggan air mage (Depths:1)
  4 ironbound frosthearts
  3 dancing weapons (Elf:2)
  3 boulder beetles
  A tengu warrior (Depths:1)
  A deep troll shaman (Depths:3)
  A thrashing horror (Abyss:4)
  An orc high priest (Orc:2)
  A vampire mage (Crypt:1)
  A deep elf knight (Elf:2)
  2 spriggan berserkers (Depths:1)
  A shadow wraith (Crypt:1)
  2 skeletal warriors
  Lodul (D:11)
  Nergalle (D:11)
  An orange crystal statue (IceCv)
  A lindwurm (Vaults:1)
  A flayed ghost (Crypt:2)
  13 deep trolls
  A deep elf archer (Elf:1)
  5 phantasmal warriors
  4 orc knights
  A shining eye (Slime:1)
  2 harpies
  5 ironbound convokers
  A golden dragon skeleton (Crypt:2)
  Pikel (D:5)
  An eleionoma zombie (Crypt:1)
  3 necromancers
  6 deep elf pyromancers
  4 deep elf zephyrmancers
  A wizard (Vaults:2)
  2 wolf spiders
  2 orc sorcerers (Orc:1)
  6 ugly things
  6 black mambas
  5 moths of wrath
  8 elephants
  4 vault sentinels
  A smoke demon (Abyss:3)
  A molten gargoyle (Lair:5)
  A black draconian zombie (Crypt:2)
  2 torpor snails
  7 cane toads
  2 freezing wraiths (Crypt:1)
  2 yaktaurs
  10 rime drakes
  9 komodo dragons
  6 polar bears
  A tengu conjurer (Depths:1)
  A death drake zombie (Crypt:1)
  4 trolls
  A polar bear (shapeshifter) (Depths:2)
  2 tarantellas (Spider:2)
  A tyrant leech (Swamp:3)
  11 blink frogs
  2 jumping spiders
  A culicivora (Spider:4)
  10 slime creatures
  A shadow (D:11)
  A spriggan (Depths:1)
  18 yaks
  3 wyverns
  A water elemental (Elf:1)
  2 fire elementals
  2 large abominations
  6 basilisks
  A golden eye (Abyss:4)
  8 redbacks
  2 steam dragons
  2 vampire mosquitoes
  A harpy simulacrum (Abyss:3)
  A warg (Orc:1)
  2 acid dragons
  3 swamp worms
  2 hell hounds (Lair:5)
  7 water moccasins
  A fire bat zombie (Crypt:3)
  7 orc warriors
  A sky beast (D:7)
  10 ogres
  A lemure (D:6)
  9 centaurs
  A kobold brigand (D:6)
  2 elf zombies (Elf:1)
  12 bullfrogs
  2 scorpions
  2 necrophages
  A wight (D:7)
  A small abomination (Abyss:2)
  4 killer bees
  2 electric eels
  2 howler monkeys
  2 lava snakes (Lair:5)
  A jelly (D:6)
  A hound (D:5)
  11 orc priests
  An iron imp (Abyss:4)
  2 iguanas
  A sleepcap (D:7)
  8 orc wizards
  5 nameless horrors
  3 gnolls (D:5)
  2 adders
  A shadow imp (D:5)
  3 white imps
  4 ufetubi
  3 worms
  2 dart slugs
  38 orcs
  2 endoplasms
  3 giant cockroaches
  A goblin (D:1)
  4 hobgoblins (D:4)
  5 kobolds
  4 ball pythons
  3 bats
  A frilled lizard (D:3)
  An orc skeleton (Crypt:3)
  3 rats
520 creatures vanquished.

Vanquished Creatures (collateral kills)
  the Royal Jelly (Slime:5)
  4 ancient liches
  3 dread liches
  7 orbs of fire
  2 juggernauts
  Boris (Crypt:3)
  Frederick (Vaults:5)
  Xtahua (Crypt:2)
  Saint Roka (Depths:4)
  6 Killer Klowns
  A caustic shrike (Depths:2)
  6 golden dragons
  A pandemonium lord (Zig:10)
  The ghost of agentgt the Warrior, a veteran KoAK of Lugonu (Vaults:2)
  A profane servitor (Crypt:3)
  Nikola (Elf:1)
  3 doom hounds (Zot:1)
  2 bone dragons
  Jory (Crypt:2)
  Arachne (Spider:3)
  A Tzitzimitl (Zot:1)
  4 electric golems
  A walking crystal tome (Depths:2)
  19 tentacled monstrosities
  Jorgrun (Spider:3)
  20 Orb Guardians
  3 deep elf blademasters
  7 liches
  2 titans (Vaults:5)
  10 quicksilver dragons
  11 ancient champions
  6 eldritch tentacles
  5 sphinxes
  2 deep elf master archers (Elf:3)
  10 death cobs
  14 acid blobs
  12 shadow dragons
  5 tengu reavers
  21 storm dragons
  11 azure jellies
  Agnes (Elf:1)
  9 tentacled starspawn
  2 fenstrider witches
  The ghost of gdog the Covert, an adept GnDe of Jiyva (Spider:2)
  11 draconian monks
  4 revenants
  11 rockslimes
  10 fire giants
  12 frost giants
  7 emperor scorpions
  3 deep elf sorcerers (Elf:3)
  8 draconian knights
  A frost giant (shapeshifter) (Zig:10)
  Roxanne (Swamp:3)
  Louise (D:14)
  9 vault wardens
  8 draconian scorchers
  8 ghost moths
  5 deep elf elementalists (Elf:3)
  2 iron dragons
  3 spectral caustic shrikes (Depths:3)
  2 curse skulls
  3 orc warlords
  4 draconian shifters
  A war gargoyle (Zot:1)
  A juggernaut zombie (Depths:3)
  4 draconian stormcallers
  7 quicksilver oozes
  7 draconian annihilators
  6 ghouls
  18 very ugly things
  2 spriggan defenders (Depths:4)
  3 reapers
  21 ironbound preservers
  6 stone giants
  4 ironbound thunderhulks
  A caustic shrike skeleton (Crypt:3)
  18 black draconians
  4 eleionomae
  A putrid mouth (Zot:1)
  2 apis (Zig:3)
  Azrael (Spider:3)
  9 deep elf demonologists
  A broodmother (Spider:3)
  9 vampire knights
  4 dire elephants
  21 green draconians
  19 red draconians
  14 white draconians
  3 deep elf annihilators (Elf:3)
  3 bunyips
  14 purple draconians
  6 spark wasps
  5 deep elf death magi
  A dire elephant (shapeshifter) (Depths:3)
  13 yellow draconians
  3 blizzard demons
  An eidolon (Crypt:3)
  6 ettins
  3 shambling mangroves
  A merfolk impaler (Abyss:4)
  8 jiangshi
  8 yaktaur captains
  6 entropy weavers
  2 green deaths
  A great orb of eyes (shapeshifter) (Zig:10)
  7 deep elf high priests
  An entropy weaver (shapeshifter) (Depths:2)
  6 great orbs of eyes
  3 fire dragons
  3 rakshasas
  A hydra (shapeshifter) (Depths:2)
  19 vault guards
  5 ice dragons
  3 hell beasts
  16 hydras
  3 death knights (Crypt:1)
  4 spriggan skeletons
  8 spriggan air magi
  A jorogumo (Spider:2)
  4 radroaches
  15 ironbound frosthearts
  9 alligators
  2 centaur warriors (D:14)
  A catoblepas (Lair:3)
  3 ogre magi
  3 two-headed ogres (shapeshifter)
  An Orb Guardian skeleton (Crypt:3)
  8 boulder beetles
  5 two-headed ogres
  4 deep troll shamans
  22 dancing weapons
  15 vampire magi
  8 deep troll earth magi
  10 tengu warriors
  4 thrashing horrors
  4 spriggan berserkers
  5 orc high priests
  5 shock serpents (Zot:1)
  12 iron trolls
  3 wretched stars
  Sonja (Lair:1)
  16 deep elf knights
  An iron troll (shapeshifter) (Depths:2)
  A skyshark (Lair:5)
  2 shadow wraiths
  7 pharaoh ants
  3 soul eaters
  A sea snake (shapeshifter) (Depths:2)
  2 storm dragon skeletons
  A fire crab (shapeshifter) (Depths:2)
  7 skeletal warriors
  A sixfirhy (Zot:1)
  2 death drakes
  4 flayed ghosts
  5 glowing orange brains
  A quicksilver dragon simulacrum (Depths:1)
  A cherub (Zig:3)
  5 spriggan druids
  A bunyip zombie (Crypt:1)
  An iron giant zombie (Crypt:3)
  2 orb spiders (shapeshifter)
  62 deep trolls
  A lindwurm (shapeshifter) (Depths:2)
  9 orb spiders
  3 goliath frogs
  11 bog bodies
  12 ironbound convokers
  6 wizards
  11 steelbarb worms
  4 deep elf archers
  A shadow dragon zombie (D:15)
  21 orc knights
  21 swamp dragons
  13 lindwurms
  3 obsidian statues (Zig:1)
  12 phantasmal warriors
  An iron dragon zombie (Crypt:1)
  5 harpies
  2 anaconda skeletons
  A bunyip skeleton (Crypt:3)
  A steelbarb worm (shapeshifter) (Zig:9)
  16 deep elf zephyrmancers
  15 deep elf pyromancers
  6 necromancers
  2 stone giant zombies
  19 wolf spiders
  A fire giant zombie (D:15)
  An oklob plant (Lair:2)
  5 shining eyes
  2 salamanders (Depths:2)
  A centaur zombie (Crypt:1)
  3 manticores
  49 ugly things
  An orc sorcerer (Orc:1)
  2 tengu skeletons
  5 cyclopes
  4 will-o-the-wisps
  19 moths of wrath
  A cyclops (shapeshifter) (Zig:10)
  A goliath frog skeleton (Crypt:1)
  16 large abominations
  An iron dragon skeleton (Crypt:1)
  3 elephants
  2 ice statues
  An elephant (shapeshifter) (Depths:2)
  6 eyes of devastation
  A guardian serpent (shapeshifter) (Depths:3)
  A dire elephant zombie (Crypt:3)
  23 vault sentinels
  A stone giant skeleton (Vaults:2)
  An apocalypse crab (Abyss:3)
  3 molten gargoyles
  8 demonic crawlers
  5 black mambas
  8 smoke demons
  A naga mage (D:14)
  A gargoyle (D:13)
  4 orange demons
  5 cane toads
  2 efreet
  2 torpor snails
  6 rime drakes
  2 unseen horrors
  5 komodo dragons
  A komodo dragon (shapeshifter) (Depths:3)
  21 yaktaurs
  4 freezing wraiths
  2 tormentors (Zot:1)
  An anaconda simulacrum (Crypt:3)
  2 ancient zymes (Abyss:3)
  A death yak skeleton (Crypt:2)
  4 tengu conjurers
  4 guardian mummies (Crypt:3)
  3 polar bears
  A queen bee (D:12)
  A hydra zombie (Crypt:3)
  A hellwing (Depths:2)
  3 trolls
  A black draconian skeleton (Crypt:3)
  A harpy zombie (Crypt:3)
  8 meliai
  A harpy skeleton (Crypt:3)
  9 hornets
  3 blink frogs
  13 tyrant leeches
  Prince Ribbit (D:9)
  15 tarantellas
  A blink frog (shapeshifter) (Slime:4)
  14 raiju
  The ghost of booth the Cudgeller, an amateur GrGl (D:3)
  100 slime creatures
  3 flying skulls (Abyss:1)
  4 air elementals
  13 jumping spiders
  13 culicivoras
  A shapeshifter (Slime:2)
  8 spriggans
  Sigmund (D:6)
  2 water elementals
  2 ettin skeletons
  6 wraiths
  3 wyverns
  A deep troll skeleton (Vaults:2)
  A yak (shapeshifter) (Abyss:1)
  6 vampires
  A naga simulacrum (Crypt:3)
  15 yaks
  4 small abominations
  5 basilisks
  A hog (shapeshifter) (Elf:2)
  2 humans (shapeshifter)
  4 fire elementals
  4 golden eyes
  2 neqoxecs
  2 chaos spawn
  11 vampire mosquitoes
  43 redbacks
  A warg (Zig:1)
  3 steam dragons
  15 swamp worms
  A swamp worm (shapeshifter) (Depths:2)
  2 glowing shapeshifter zombies
  9 water moccasins
  10 hell hounds
  3 acid dragons
  A hornet zombie (Crypt:3)
  8 nameless horrors
  A naga skeleton (Crypt:3)
  A glowing shapeshifter skeleton (Vaults:4)
  6 swamp drakes
  A cane toad skeleton (Crypt:3)
  A black bear (Lair:2)
  A human zombie (Vaults:4)
  A dream sheep zombie (Crypt:2)
  An ice beast (D:8)
  3 boggarts (Vaults:2)
  5 ogres
  38 orc warriors
  13 starcursed masses
  2 phantoms
  A centaur (D:13)
  5 elf zombies (Elf:1)
  3 necrophages
  3 earth elementals
  A kobold brigand (D:9)
  2 bullfrogs
  A gnoll sergeant (D:12)
  3 scorpions
  6 wights
  15 killer bees
  A yak skeleton (Crypt:2)
  An electric eel (Spider:4)
  3 lava snakes (Lair:5)
  A quasit (Abyss:1)
  15 jellies
  3 hounds
  Crazy Yiuf (D:7)
  21 orc priests
  An iron imp (Abyss:4)
  A sleepcap (D:6)
  A centaur skeleton (Crypt:1)
  9 orc wizards
  A boggart zombie (Crypt:1)
  5 lightning spires (Zot:1)
  4 gnolls
  4 adders
  A white imp (D:6)
  An ufetubus (Abyss:1)
  An iguana skeleton (Crypt:2)
  A worm (D:3)
  A dart slug (shapeshifter) (Depths:2)
  43 orcs
  A bat (shapeshifter) (Depths:2)
  3 endoplasms
  3 giant cockroaches
  7 goblins
  6 hobgoblins
  A quokka (D:5)
  4 ball pythons
  2 frilled lizards (D:1)
  A frilled lizard skeleton (Crypt:3)
  A frilled lizard zombie (Crypt:2)
  4 kobolds
  An orc zombie (Crypt:1)
  3 rats
  3 lurking horrors
  9 starspawn tentacles
2064 creatures vanquished.

Vanquished Creatures (others)
  A dread lich (Zot:2)
  An ancient lich (Zot:5)
  3 Killer Klowns
  6 tentacled monstrosities
  Asterion (Elf:2)
  6 Orb Guardians
  A lich (Vaults:5)
  237 eldritch tentacles
  A shadow dragon (Zot:5)
  3 storm dragons
  3 draconian monks
  A tengu reaver (Vaults:5)
  2 draconian knights
  A vault warden (Vaults:5)
  2 draconian scorchers (Zot:4)
  A draconian shifter (Zot:5)
  An ironbound thunderhulk (Vaults:1)
  2 draconian annihilators (Zot:4)
  An ironbound preserver (Vaults:5)
  A very ugly thing (Vaults:5)
  3 green draconians
  2 red draconians
  3 white draconians (Zot:4)
  2 black draconians
  2 purple draconians (Zot:4)
  3 yellow draconians
  2 vault guards (Vaults:5)
  A two-headed ogre (D:8)
  A thrashing horror (Abyss:4)
  A deep troll earth mage (Vaults:5)
  A deep elf knight (Elf:1)
  A hell knight (Vaults:5)
  A sixfirhy (Zot:2)
  A deep troll (Vaults:3)
  An orb spider (Spider:4)
  2 ironbound convokers (Vaults:5)
  2 deep elf zephyrmancers
  An orc knight (Vaults:1)
  2 ugly things
  A manticore (D:12)
  A guardian serpent (shapeshifter) (Vaults:5)
  3 moths of wrath
  2 slime creatures
  A gargoyle (D:13)
  A black mamba (Lair:2)
  2 cane toads
  A vault sentinel (Vaults:5)
  A komodo dragon (Lair:5)
  A meliai (D:12)
  A raiju (Zot:1)
  4 bloated husks
  2 tarantellas
  A blink frog (shapeshifter) (Zig:10)
  A jumping spider (Spider:4)
  An ettin skeleton (Vaults:2)
  A shadow (D:12)
  A wyvern (D:8)
  15 yaks
  A golden eye (Abyss:4)
  A basilisk (D:8)
  2 water moccasins
  2 orc warriors
  A black bear (D:8)
  2 ogres
  A scorpion (shapeshifter) (Vaults:5)
  5 wights
  10 killer bees
  A howler monkey (D:5)
  3 hounds
  A starcursed mass (Zig:7)
  An iguana (D:5)
  An orc wizard (Depths:4)
  An adder (D:3)
  A shadow imp (D:7)
  A white imp (D:6)
  A worm (D:3)
  9 orcs
  3 kobolds
  A ball python (D:3)
  5 ball lightnings (Zot:1)
  6 foxfires
  24 starspawn tentacles
432 creatures vanquished.

Grand Total: 3016 creatures vanquished

Notes
Turn   | Place    | Note
-------+----------+-------------------------------------------
     0 | D:1      | croobank the Demonspawn Summoner began the quest for the
                  | Orb.
     0 | D:1      | Reached XP level 1. HP: 13/13 MP: 3/3
   124 | D:1      | Found a faded altar of an unknown god.
   157 | D:1      | Prayed at the altar of an unknown god.
   157 | D:1      | Became a worshipper of Gozag Ym Sagoz the Greedy
   174 | D:1      | Gained mutation: You have a pair of small antennae on your
                  | head. [demonic ancestry]
   174 | D:1      | Reached XP level 2. HP: 18/19 MP: 3/5
   319 | D:1      | Learned a level 2 spell: Call Imp
   655 | D:2      | Reached XP level 3. HP: 14/24 MP: 2/6
   659 | D:2      | Learned a level 3 spell: Call Canine Familiar
  1395 | D:3      | Reached XP level 4. HP: 31/31 MP: 1/7
  1403 | D:3      | Found a runed translucent door.
  1409 | D:3      | Noticed booth's ghost (amateur GrGl)
  1574 | D:3      | Reached skill level 1 in Fighting
  1767 | D:3      | Found a runed translucent door.
  1803 | D:3      | Reached XP level 5. HP: 37/37 MP: 3/9
  1807 | D:3      | Learned a level 3 spell: Summon Guardian Golem
  2611 | D:4      | Noticed a phantom
  2629 | D:3      | Killed a phantom
  2630 | D:3      | Reached skill level 1 in Hexes
  2630 | D:3      | Gained mutation: You may rarely emit foul miasma when
                  | damaged in melee. [demonic ancestry]
  2630 | D:3      | Reached XP level 6. HP: 40/44 MP: 3/10
  2713 | D:4      | Identified the amulet of the Hidden Towns {Acrobat Will+
                  | rCorr Int+3}
  2811 | D:4      | Found a broken altar of Ashenzari.
  3063 | D:4      | Reached skill level 5 in Summonings
  3511 | D:4      | Found a staircase to the Ecumenical Temple.
  3825 | D:5      | Entered Level 5 of the Dungeon
  3924 | D:5      | Gained mutation: You are partially covered in sharp spines.
                  | [demonic ancestry]
  3924 | D:5      | Reached XP level 7. HP: 49/51 MP: 8/12
  4162 | D:5      | Noticed Pikel
  4197 | D:5      | Killed Pikel
  4198 | D:5      | Reached XP level 8. HP: 58/58 MP: 9/14
  5205 | D:5      | Learned a level 4 spell: Summon Lightning Spire
  5312 | D:6      | Reached skill level 6 in Summonings
  5312 | D:6      | Reached skill level 1 in Air Magic
  5427 | D:6      | Noticed Sigmund
  5450 | D:6      | Killed Sigmund
  5873 | D:5      | Gained mutation: You have a pair of antennae on your head.
                  | [demonic ancestry]
  5873 | D:5      | Reached XP level 9. HP: 64/65 MP: 10/16
  5930 | D:6      | Noticed Grinder
  5973 | D:6      | Grinder changed into Grinder the lemure
  5973 | D:6      | Noticed Grinder
  5979 | D:6      | Killed Grinder the lemure
  5980 | D:6      | Reached skill level 5 in Spellcasting
  6788 | D:7      | Reached skill level 5 in Dodging
  7560 | D:7      | Found a runed translucent door.
  7561 | D:7      | Noticed Crazy Yiuf
  7572 | D:7      | Killed Crazy Yiuf
  8010 | D:8      | Reached skill level 5 in Fighting
  8133 | D:8      | Learned a level 2 spell: Wereblood
  8281 | D:8      | Found a staircase to the Lair.
  8287 | D:8      | Reached skill level 5 in Hexes
  8287 | D:8      | Reached skill level 7 in Summonings
  8298 | D:8      | Gained mutation: You sometimes emit foul miasma when
                  | damaged in melee. [demonic ancestry]
  8298 | D:8      | Reached XP level 10. HP: 61/75 MP: 7/18
  8511 | D:8      | Reached skill level 8 in Summonings
  8943 | D:8      | Noticed a two-headed ogre
  8959 | D:8      | Killed a two-headed ogre
  8960 | D:8      | Reached skill level 5 in Air Magic
  9638 | D:9      | Noticed Prince Ribbit
  9660 | D:9      | Killed Prince Ribbit
  9895 | D:9      | Reached skill level 1 in Transmutations
  9900 | D:9      | Reached XP level 11. HP: 77/83 MP: 16/21
 10034 | D:9      | Noticed a two-headed ogre
 10047 | D:9      | Killed a two-headed ogre
 10372 | D:9      | Found an ancient bone altar of Kikubaaqudgha.
 10372 | D:9      | Found a shimmering altar of Xom.
 10681 | D:10     | Entered Level 10 of the Dungeon
 10877 | D:10     | Found Heckelin's Tiny Tomes.
 10882 | D:10     | Bought Vehu's Compendium of Superposition for 72 gold
                  | pieces
 10882 | D:10     | Bought the Incunabulum of Nonlocality for 192 gold pieces
 10882 | D:10     | Bought the Quarto of Imprecation for 96 gold pieces
 10885 | D:10     | Learned a level 2 spell: Blink
 11025 | D:10     | Found a portal to a secret trove of treasure.
 11595 | D:11     | Noticed a red ugly thing
 11733 | D:11     | Reached skill level 1 in Translocations
 11808 | D:11     | Killed a red ugly thing
 11906 | D:11     | Noticed Nergalle
 12334 | D:11     | Noticed Lodul
 12337 | D:11     | Killed Lodul
 12512 | D:11     | You fall into a shaft and drop 1 floor!
 12770 | D:11     | Killed Nergalle
 12791 | D:11     | Noticed a two-headed ogre
 12803 | D:11     | Killed a two-headed ogre
 12804 | D:11     | Reached skill level 9 in Summonings
 12921 | D:11     | Noticed a red ugly thing
 12933 | D:11     | Killed a red ugly thing
 12934 | D:11     | Gained mutation: When seriously injured, your blood forms
                  | armour. (AC +0) [demonic ancestry]
 12934 | D:11     | Reached XP level 12. HP: 92/92 MP: 11/23
 14190 | D:12     | Reached skill level 5 in Transmutations
 14418 | D:12     | Found a staircase to the Orcish Mines.
 14722 | D:13     | Noticed a two-headed ogre
 14731 | D:13     | Killed a two-headed ogre
 14753 | D:13     | Noticed Josephine
 14771 | D:13     | Killed Josephine
 14772 | D:13     | Reached skill level 5 in Translocations
 15216 | Lair:1   | Entered Level 1 of the Lair of Beasts
 16043 | Lair:1   | Noticed Sonja
 16052 | Lair:1   | Killed Sonja
 16463 | Lair:2   | Reached skill level 10 in Summonings
 16504 | Lair:2   | You fall into a shaft and drop 1 floor!
 16523 | Lair:3   | Noticed a boulder beetle
 16591 | Lair:3   | Gained mutation: When seriously injured, your blood forms
                  | thick armour. (AC +0) [demonic ancestry]
 16591 | Lair:3   | Reached XP level 13. HP: 62/101 MP: 14/25
 16804 | Lair:3   | Got Sif Muna's Reference Book on Shocking Excavation
 17102 | D:3      | Killed booth's ghost
 17388 | Lair:2   | Found a transporter.
 17395 | Lair:2   | Noticed boopmooplesden's ghost (journeyman GrGl)
 17483 | Lair:2   | Found a staircase to the Swamp.
 17925 | Lair:2   | Found a transporter.
 19091 | Lair:3   | Found a hole to the Spider Nest.
 19452 | Lair:3   | Reached skill level 10 in Fighting
 19738 | Lair:3   | Reached skill level 11 in Summonings
 20019 | Lair:4   | Found a staircase to the Slime Pits.
 20019 | Lair:4   | Found a viscous altar of Jiyva.
 20898 | Lair:4   | Learned a level 6 spell: Summon Cactus Giant
 20952 | Lair:4   | Reached skill level 10 in Spellcasting
 21515 | Lair:5   | Entered Level 5 of the Lair of Beasts
 21523 | Lair:4   | Reached skill level 10 in Dodging
 21902 | Lair:5   | Gained mutation: You have a pair of large antennae on your
                  | head. (SInv) [demonic ancestry]
 21902 | Lair:5   | Reached XP level 14. HP: 111/111 MP: 18/28
 23113 | Lair:5   | Reached skill level 12 in Summonings
 23553 | Lair:5   | Found a large runed translucent door.
 23554 | Lair:5   | Found a large runed translucent door.
 23590 | Lair:5   | Identified the ring "Wymn" {rN+ Str+2 SInv Stlth+}
 24161 | Orc:1    | Entered Level 1 of the Orcish Mines
 24387 | Orc:2    | Entered Level 2 of the Orcish Mines
 24394 | Orc:2    | Found Catekeod's Weapon Shop.
 24396 | Orc:1    | Noticed Erolcha
 24404 | Orc:1    | Killed Erolcha
 26599 | Orc:2    | Found Ogenges's Antique Weapon Boutique.
 26610 | Orc:2    | Bought a pitted short sword for 312 gold pieces
 26610 | Orc:2    | Identified the +4 short sword "Xuclue" {elec, +Blink rElec
                  | Dex-3 Stlth+} (You bought it in a shop on level 2 of the
                  | Orcish Mines)
 27522 | Orc:2    | Found a staircase to the Elven Halls.
 28164 | Orc:2    | HP: 4/115 [smoke demon/divine providence[an orc high
                  | priest] (14)]
 28473 | Orc:2    | Gained mutation: You are mostly covered in sharp spines.
                  | [demonic ancestry]
 28473 | Orc:2    | Reached XP level 15. HP: 92/120 MP: 6/30
 28812 | Orc:2    | Found Cikhlinn's Armour Shop.
 28812 | Orc:2    | Found Sayloguk's Assorted Antiques.
 28813 | Orc:2    | Found Guwid's Assorted Antiques.
 28813 | Orc:2    | Found Ciev's Armour Boutique.
 28821 | Orc:2    | Bought a scroll of teleportation for 102 gold pieces
 28821 | Orc:2    | Bought a potion of heal wounds for 170 gold pieces
 28824 | Orc:2    | Bought a potion of might for 128 gold pieces
 28831 | Orc:2    | Bought a +2 cloak of preservation for 236 gold pieces
 29235 | Orc:2    | Bought a book of Misfortune for 684 gold pieces
 29237 | Orc:2    | Bought a scroll of vulnerability for 68 gold pieces
 29237 | Orc:2    | Bought a scroll of fear for 68 gold pieces
 29595 | D:13     | Found a gate to the Vaults.
 29793 | D:13     | Reached skill level 13 in Summonings
 31130 | D:14     | Identified the +1 robe of Potwyvvi {Harm rF+ Stlth+}
 31895 | D:14     | Found Leff's Serpentskin Sales.
 32072 | D:14     | Noticed Louise
 32077 | D:14     | Killed Louise
 32392 | D:15     | Entered Level 15 of the Dungeon
 32474 | D:15     | Found a frozen archway.
 32634 | IceCv    | Entered an ice cave
 32653 | IceCv    | Learned a level 3 spell: Inner Flame
 32697 | IceCv    | Reached skill level 1 in Fire Magic
 33465 | IceCv    | Reached XP level 16. HP: 97/130 MP: 32/32
 33675 | IceCv    | Reached skill level 5 in Fire Magic
 34836 | D:15     | Learned a level 7 spell: Summon Hydra
 35071 | D:15     | Found a staircase to the Depths.
 35097 | D:15     | Reached skill level 14 in Summonings
 35878 | Spider:1 | Entered Level 1 of the Spider Nest
 38237 | Spider:2 | Got the Compendium of Transportation and the Plateau
 38246 | Spider:2 | Learned a level 7 spell: Malign Gateway
 38577 | Spider:2 | Found a runed translucent door.
 38577 | Spider:2 | Identified the +7 morningstar "Conservator" {chaos, rElec
                  | rPois Will+}
 38578 | Spider:2 | Found a shimmering altar of Xom.
 38579 | Spider:2 | Noticed gdog's ghost (adept GnDe)
 39753 | Spider:2 | Killed gdog's ghost
 39922 | Spider:3 | Noticed Jorgrun
 39933 | Spider:3 | Killed Jorgrun
 39934 | Spider:3 | Gained mutation: You are completely covered in sharp
                  | spines. [demonic ancestry]
 39934 | Spider:3 | Reached XP level 17. HP: 139/139 MP: 11/34
 40208 | Spider:3 | Noticed Azrael
 40220 | Spider:3 | Killed Azrael
 40791 | Spider:3 | Noticed Arachne
 40794 | Spider:3 | Killed Arachne
 42431 | Spider:4 | Entered Level 4 of the Spider Nest
 42807 | Spider:4 | Reached skill level 15 in Summonings
 45665 | Spider:4 | Got a gossamer rune of Zot
 45889 | Slime:1  | Entered Level 1 of the Pits of Slime
 46201 | Slime:2  | Reached skill level 1 in Necromancy
 46269 | Slime:2  | Gained mutation: You are dopey. (Int -2) [a shining eye]
 46272 | Slime:1  | Gained mutation: You are weak. (Str -2) [a shining eye]
 46290 | Slime:1  | Lost mutation: You are dopey. (Int -2) [potion of mutation]
 46290 | Slime:1  | Lost mutation: You are weak. (Str -2) [potion of mutation]
 46290 | Slime:1  | Gained mutation: Your flesh is cold resistant. (rC+)
                  | [potion of mutation]
 46473 | Slime:2  | Noticed an acid blob
 46475 | Slime:2  | Killed an acid blob
 46835 | Slime:2  | Gained mutation: You occasionally lose the ability to drink
                  | potions when taking damage. [a shining eye]
 46836 | Slime:2  | Noticed an acid blob
 46843 | Slime:2  | Killed an acid blob
 47410 | Slime:1  | Reached XP level 18. HP: 133/148 MP: 14/35
 47411 | Slime:1  | Reached skill level 5 in Necromancy
 47748 | Slime:3  | Noticed Dissolution
 47777 | Slime:3  | Killed Dissolution
 47788 | Slime:3  | Learned a level 7 spell: Haunt
 49607 | Slime:4  | Reached skill level 10 in Translocations
 49898 | Slime:5  | Entered Level 5 of the Pits of Slime
 50434 | Elf:1    | Entered Level 1 of the Elven Halls
 51124 | Elf:1    | Found Tanenaga's Dragon-Slaying Spoils.
 51173 | Elf:1    | Noticed Nikola
 51179 | Elf:1    | Killed Nikola
 51413 | Elf:1    | Reached skill level 10 in Necromancy
 51516 | Elf:1    | Noticed Agnes
 51521 | Elf:1    | Killed Agnes
 51866 | Elf:1    | Got Cesockak's Spellbook of Left-Handed Acts
 53413 | Elf:2    | Found a runed translucent gate.
 53414 | Elf:2    | Found a runed translucent gate.
 53414 | Elf:2    | Found a runed translucent gate.
 53613 | Elf:2    | Found Duak Oxo's Magic Scroll Shop.
 53620 | Elf:2    | Bought a scroll of silence for 152 gold pieces
 53740 | Elf:2    | Noticed Asterion
 53752 | Elf:2    | Killed Asterion
 54022 | Elf:2    | Lost mutation: You occasionally lose the ability to drink
                  | potions when taking damage. [potion of mutation]
 54022 | Elf:2    | Lost mutation: Your flesh is cold resistant. (rC+) [potion
                  | of mutation]
 54022 | Elf:2    | Gained mutation: You are agile. (Dex +4, Str/Int -1)
                  | [potion of mutation]
 54022 | Elf:2    | Gained mutation: You occasionally shout uncontrollably at
                  | your foes. [potion of mutation]
 54498 | Elf:2    | Reached XP level 19. HP: 152/153 MP: 14/36
 55910 | Elf:3    | Entered Level 3 of the Elven Halls
 55910 | Elf:3    | Found Jirph's Weapon Shop.
 57501 | Elf:3    | Paralysed by an air elemental for 1 turns
 57614 | Elf:3    | Reached skill level 15 in Fighting
 57828 | Elf:3    | HP: 6/153 [deep elf master archer/arrow (35)]
 58337 | Elf:3    | Identified the staff of air "Wyekhenu" {rElec rCorr Str+3}
 58490 | Elf:3    | Identified the staff of earth "Leirub" {+Blink rElec Str-5
                  | Int+3}
 58630 | Elf:3    | Identified the +0 ring mail "Wacoas" {Regen+}
 58645 | Elf:3    | Identified the ring "Faproygi" {Fire Will+ Dex+2 Stlth-}
 58666 | Elf:3    | Got Sif Muna's Atlas of Dislocation and Kindling
 58716 | Elf:3    | Identified the +7 shortbow of Spite {freeze, Str+4 Dex-2}
 58770 | Elf:3    | Identified the +3 plate armour "Vinum" {rPois rC+}
 58835 | Elf:3    | Identified the +7 dagger "Pazank" {holy, Dex+3}
 59475 | Swamp:1  | Entered Level 1 of the Swamp
 62937 | Swamp:3  | Identified the amulet of Uskayaw's Anger {Faith Fly rC+
                  | Str+4 Dex-5}
 63157 | Swamp:3  | Noticed Roxanne
 63167 | Swamp:3  | Killed Roxanne
 63617 | Swamp:4  | Entered Level 4 of the Swamp
 64139 | Swamp:4  | Gained mutation: You are robust. (+10% HP) [demonic
                  | ancestry]
 64139 | Swamp:4  | Reached XP level 20. HP: 43/178 MP: 29/37
 64446 | Swamp:4  | Reached skill level 16 in Summonings
 65205 | Swamp:4  | Got a decaying rune of Zot
 65293 | Swamp:4  | Reached skill level 15 in Dodging
 65646 | Slime:4  | Bought a wand of light (4) for 268 gold pieces
 65646 | Slime:4  | Bought a potion of magic for 128 gold pieces
 65953 | Slime:5  | Noticed the Royal Jelly
 65960 | Slime:5  | Killed the Royal Jelly
 66032 | Slime:5  | Gained mutation: You occasionally lose the ability to drink
                  | potions when taking damage. [a shining eye]
 66509 | Slime:4  | Lost mutation: You occasionally lose the ability to drink
                  | potions when taking damage. [potion of mutation]
 66509 | Slime:4  | Lost mutation: You occasionally shout uncontrollably at
                  | your foes. [potion of mutation]
 66509 | Slime:4  | Gained mutation: Your magical capacity is low. (-10% MP)
                  | [potion of mutation]
 66509 | Slime:4  | Gained mutation: You are vulnerable to heat. (rF-) [potion
                  | of mutation]
 66509 | Slime:4  | Gained mutation: You expend magic power (3 MP) to
                  | strengthen your wands. [potion of mutation]
 66510 | Slime:4  | Lost mutation: You are vulnerable to heat. (rF-) [potion of
                  | mutation]
 66510 | Slime:4  | Lost mutation: Your magical capacity is low. (-10% MP)
                  | [potion of mutation]
 66510 | Slime:4  | Lost mutation: You are agile. (Dex +4, Str/Int -1) [potion
                  | of mutation]
 66535 | Slime:5  | Gained mutation: You occasionally shout uncontrollably at
                  | your foes. [a shining eye]
 66595 | Slime:5  | HP: 3/177 [azure jelly[the Royal Jelly] (8)]
 66601 | Slime:5  | Gained mutation: You sometimes lose your temper in combat.
                  | [a shining eye]
 66896 | Slime:4  | Lost mutation: You occasionally shout uncontrollably at
                  | your foes. [potion of mutation]
 66896 | Slime:4  | Lost mutation: You expend magic power (3 MP) to strengthen
                  | your wands. [potion of mutation]
 66896 | Slime:4  | Gained mutation: Your mind is acute. (Int +4, Str/Dex -1)
                  | [potion of mutation]
 66896 | Slime:4  | Gained mutation: Your magical capacity is low. (-10% MP)
                  | [potion of mutation]
 66896 | Slime:4  | Lost mutation: Your magical capacity is low. (-10% MP)
                  | [potion of mutation]
 66896 | Slime:4  | Gained mutation: Your muscles are strong. (Str +4, Int/Dex
                  | -1) [potion of mutation]
 67482 | Slime:5  | Found the +7 mace of Variability {chaos, chaos arc}
 67494 | Slime:5  | Got the Dissertation on Hexing Venom
 67498 | Slime:5  | Got a slimy rune of Zot
 67533 | Slime:5  | Got the Directory of Meteoric Glamour
 67534 | Slime:5  | Identified the staff of air "Miguow" {rElec Stlth+}
 67708 | Slime:5  | Identified the ring "Guoff" {*Corrode rElec Int+5 SInv}
 67711 | Slime:5  | Identified the +1 pair of boots "Ywnih" {rF+}
 67747 | Slime:5  | Got Sif Muna's Essays on Dimensional Last Rites
 68555 | Slime:5  | Lost mutation: Your mind is acute. (Int +4, Str/Dex -1)
                  | [potion of mutation]
 68555 | Slime:5  | Lost mutation: Your muscles are strong. (Str +4, Int/Dex
                  | -1) [potion of mutation]
 68555 | Slime:5  | Lost mutation: You sometimes lose your temper in combat.
                  | [potion of mutation]
 68555 | Slime:5  | Gained mutation: You possess an exceptional clarity of
                  | mind. [potion of mutation]
 68555 | Slime:5  | Gained mutation: Your mind is acute. (Int +4, Str/Dex -1)
                  | [potion of mutation]
 68555 | Slime:5  | Gained mutation: You expend magic power (3 MP) to
                  | strengthen your wands. [potion of mutation]
 69017 | Lair:2   | Killed boopmooplesden's ghost
 69423 | Vaults:1 | Entered Level 1 of the Vaults
 69487 | Vaults:1 | Learned a level 5 spell: Summon Mana Viper
 69515 | Vaults:1 | Found the +4 skin of Zhor {*Englaciate rC+++ SInv}
 69522 | Vaults:1 | Found Ontoan's Book Shoppe.
 69601 | Vaults:1 | Reached skill level 17 in Summonings
 69732 | Vaults:1 | Found Faeczut's General Store.
 69764 | Vaults:1 | Found Polygue's Antique Armour Shop.
 69934 | Vaults:1 | Found a flickering gateway to a bazaar.
 69953 | Bazaar   | Entered a bazaar
 70051 | Bazaar   | Found Letseusm's Antique Armour Emporium.
 70086 | Bazaar   | Found Fubbyusa's Antique Weapon Shoppe.
 70103 | Bazaar   | Found Kuselu Fyel's Magic Scroll Emporium.
 70107 | Bazaar   | Bought a scroll of teleportation for 33 gold pieces
 70107 | Bazaar   | Bought a scroll of immolation for 44 gold pieces
 70107 | Bazaar   | Bought a scroll of amnesia for 44 gold pieces
 70107 | Bazaar   | Bought a scroll of amnesia for 44 gold pieces
 70107 | Bazaar   | Bought a scroll of amnesia for 44 gold pieces
 70725 | Vaults:1 | Reached skill level 18 in Summonings
 71181 | Vaults:1 | Bought a wand of light (8) for 403 gold pieces
 71181 | Vaults:1 | Bought a potion of haste for 120 gold pieces
 71494 | Vaults:1 | Identified the +2 spear of Huorauny {heavy, *Noise Dex+4
                  | SInv}
 72203 | Vaults:2 | Identified the +1 scale mail "Jufeski" {Int+3}
 72510 | Vaults:2 | Reached XP level 21. HP: 164/184 MP: 21/38
 72955 | Vaults:2 | Reached skill level 19 in Summonings
 74024 | Vaults:2 | Found a runed translucent door.
 74027 | Vaults:2 | Noticed agentgt's ghost (veteran KoAK)
 74811 | Vaults:2 | Killed agentgt's ghost
 76559 | Vaults:3 | Found a staircase to the Crypt.
 76591 | Vaults:3 | Reached skill level 20 in Summonings
 77138 | Vaults:3 | Found Atat Kui's Assorted Antiques.
 77146 | Vaults:3 | Bought a scroll of immolation for 148 gold pieces
 78334 | Vaults:4 | Found Kusky's Distillery.
 78689 | Vaults:4 | Bought a potion of brilliance for 40 gold pieces
 78689 | Vaults:4 | Bought 2 potions of invisibility for 160 gold pieces
 78689 | Vaults:4 | Bought a potion of brilliance for 40 gold pieces
 79304 | Vaults:4 | Got the Treatise on Hoarfrost
 79763 | Vaults:4 | Reached skill level 15 in Translocations
 80323 | Vaults:4 | Gained mutation: When seriously injured, your blood forms
                  | very thick armour. (AC +0) [demonic ancestry]
 80323 | Vaults:4 | Reached XP level 22. HP: 192/192 MP: 20/39
 81202 | Depths:1 | Entered Level 1 of the Depths
 81398 | Depths:1 | Reached skill level 21 in Summonings
 81573 | Depths:1 | Found a one-way gate to the infinite horrors of the Abyss.
 81957 | Depths:1 | Found a gateway to Hell.
 82176 | Depths:1 | Identified the +1 pair of gloves of Twilight {Harm}
 82211 | Depths:1 | Found Yloew's Jewellery Boutique.
 82212 | Depths:1 | Found Muzum's Book Emporium.
 82212 | Depths:1 | Found Acwesej's Book Emporium.
 82348 | Depths:1 | Noticed the Enchantress
 82359 | Depths:1 | Reached skill level 1 in Short Blades
 82361 | Depths:1 | Killed the Enchantress
 82689 | Depths:1 | Identified the +1 buckler "Dusy" {rPois Will- Dex+3 SInv}
 82818 | Depths:1 | Found a one-way gateway to a ziggurat.
 83726 | Depths:2 | Found a one-way gate leading to the halls of Pandemonium.
 83821 | Depths:2 | Found Coodas's Book Emporium.
 85144 | Depths:2 | Noticed a caustic shrike
 85164 | Depths:2 | Killed a caustic shrike
 85165 | Depths:2 | Reached skill level 5 in Short Blades
 85673 | Depths:2 | Reached skill level 22 in Summonings
 86036 | Depths:2 | Found the +2 cloak of the Thief {*Fog Slay-2 SInv Stlth+}
 86569 | Depths:2 | Noticed a juggernaut
 86577 | Depths:2 | Killed a juggernaut
 86914 | Depths:2 | Identified the ring of Lugonu's Castigation {rF+ rC+ Str+3
                  | Int+7}
 86918 | Depths:2 | Got the Commentary on the Entourage
 87303 | Depths:2 | Found Itsul's Assorted Antiques.
 87308 | Depths:2 | Bought a potion of haste for 290 gold pieces
 87308 | Depths:2 | Bought a potion of might for 116 gold pieces
 87357 | Depths:3 | You fall into a shaft and drop 1 floor!
 87357 | Depths:4 | Entered Level 4 of the Depths
 87363 | Depths:4 | Noticed Saint Roka
 88368 | Depths:3 | Reached XP level 23. HP: 199/199 MP: 32/40
 88935 | Depths:3 | Reached skill level 23 in Summonings
 89477 | Depths:3 | Noticed a juggernaut
 89500 | Depths:3 | Killed a juggernaut
 89581 | Depths:3 | Got the Lectures on Hoarfrost and the Fjord
 90003 | Depths:4 | Killed Saint Roka
 90004 | Depths:4 | Reached skill level 10 in Short Blades
 90424 | Depths:4 | Found a transporter.
 90613 | Depths:4 | Learned a level 9 spell: Dragon's Call
 90622 | Depths:4 | Found a transporter.
 90624 | Depths:4 | Noticed a juggernaut
 90626 | Depths:4 | Noticed Allukodu's ghost (veteran MiGl)
 90627 | Depths:4 | Found a bloodstained altar of Trog.
 90631 | Depths:4 | Noticed a juggernaut
 91363 | Depths:4 | Reached skill level 24 in Summonings
 91444 | Depths:4 | Found a gate to the Realm of Zot.
 91451 | Depths:4 | Reached skill level 1 in Conjurations
 92791 | Vaults:5 | Entered Level 5 of the Vaults
 92791 | Vaults:5 | Noticed a dread lich
 92803 | Vaults:5 | Killed a dread lich
 92812 | Vaults:5 | Reached skill level 5 in Conjurations
 92826 | Vaults:5 | Noticed an ancient lich
 92831 | Vaults:5 | Reached skill level 15 in Spellcasting
 92894 | Vaults:5 | Identified the +3 great sword "Alizolil" {flame, Fly rPois
                  | rC+ Str+2}
 92916 | Vaults:5 | Reached skill level 10 in Conjurations
 92958 | Vaults:5 | Noticed Frederick
 92967 | Vaults:5 | Gained mutation: You are very robust. (+20% HP) [demonic
                  | ancestry]
 92967 | Vaults:5 | Reached XP level 24. HP: 63/225 MP: 7/42
 93005 | Vaults:5 | Noticed Boris
 93010 | Vaults:5 | Killed Frederick
 93017 | Vaults:5 | Identified the +11 morningstar of Joyful Slaughter {venom,
                  | rC+ rCorr Int-3}
 93017 | Vaults:5 | Identified the ring of Dudo {Drain rF+ rN+ Int+2}
 93026 | Vaults:5 | Killed Boris
 93290 | Vaults:5 | Identified the +2 quarterstaff of the Aged Queens {spect,
                  | Dex+3 Stlth+}
 93468 | Vaults:5 | Found the +2 hood of the Assassin {Detect Stab+ Stlth++}
 93502 | Vaults:5 | Killed an ancient lich
 93911 | Vaults:5 | Found the +6 shillelagh "Devastator" {shatter}
 93913 | Vaults:5 | Identified the staff of conjuration "Rimowk" {SInv}
 93916 | Vaults:5 | Identified the +2 ring mail "Betz" {rPois}
 93950 | Vaults:5 | Identified the ring of Vuirgh {Contam rPois rF+++ Will+
                  | Dex+2}
 93954 | Vaults:5 | Identified the +5 spear of Wondrous Power {heavy, *Noise
                  | rC++ SInv Stlth-}
 94100 | Vaults:5 | Identified the +0 shortbow of the Ass {elec, Dex+4}
 94153 | Vaults:5 | Reached skill level 1 in Shields
 94580 | Vaults:5 | Identified the +0 leather armour of the Moon {rElec}
 94582 | Vaults:5 | Identified the +0 scale mail "Fuynk" {rF+ rC+}
 94636 | Vaults:5 | Got the Textbook on Lethal Movement
 94641 | Vaults:5 | Got a silver rune of Zot
 94836 | Crypt:1  | Entered Level 1 of the Crypt
 95061 | Crypt:1  | Learned a level 4 spell: Dispel Undead
 95643 | Crypt:1  | Reached skill level 5 in Shields
 95748 | Crypt:1  | Reached skill level 1 in Armour
 96931 | Crypt:2  | Noticed Jory
 96948 | Crypt:2  | Killed Jory
 97099 | Crypt:2  | Paralysed by a vampire knight for 3 turns
 97681 | Crypt:2  | Noticed Xtahua
 97691 | Crypt:2  | Killed Xtahua
 99446 | Crypt:3  | Entered Level 3 of the Crypt
100011 | Crypt:3  | Noticed Boris
100019 | Crypt:3  | Killed Boris
100311 | Crypt:3  | Noticed a dread lich
100317 | Crypt:3  | Killed a dread lich
100517 | Crypt:3  | Found a staircase to the Tomb.
100838 | Crypt:3  | Gained mutation: You are extremely robust. (+30% HP)
                  | [demonic ancestry]
100838 | Crypt:3  | Reached XP level 25. HP: 225/252 MP: 15/42
101298 | Crypt:3  | Found a basalt altar of Yredelemnul.
101306 | Crypt:3  | Reached skill level 5 in Armour
101312 | Crypt:3  | Found an ancient bone altar of Kikubaaqudgha.
101500 | Crypt:3  | Reached skill level 25 in Summonings
101786 | Crypt:3  | Got the Precepts of the Boulder and Transmogrification
101790 | Crypt:3  | Got Kikubaaqudgha's Collected Works on the Cemetery
101791 | Crypt:3  | Identified the staff of death "Soetien" {rF- rN+ Will+
                  | Dex+4}
102222 | Zig:1    | Entered Level 1 of a ziggurat
102513 | Zig:2    | Entered Level 2 of a ziggurat
102515 | Zig:2    | Paralysed by an air elemental for 1 turns
102597 | Zig:3    | Entered Level 3 of a ziggurat
102617 | Zig:3    | Identified the +3 war axe "Tafuonir" {venom, Fragile rN+
                  | Int-3 Dex+8 Stlth+}
102942 | Zig:4    | Entered Level 4 of a ziggurat
102981 | Zig:5    | Entered Level 5 of a ziggurat
103011 | Zig:5    | Identified the +6 scimitar of Eternal Vigilance {speed,
                  | *Corrode rF- Will+ Str+6}
103355 | Zig:6    | Entered Level 6 of a ziggurat
103471 | Zig:7    | Entered Level 7 of a ziggurat
103641 | Zig:7    | Identified the +6 plate armour of the Beginning {Dex+3
                  | SInv}
103649 | Zig:7    | Identified the staff of air "Qeibic" {*Slow rElec Str+3}
103675 | Zig:8    | Entered Level 8 of a ziggurat
103712 | Zig:8    | Identified the +2 flail of the Gloaming {venom, rF+ MP+9
                  | Int+4}
103783 | Zig:9    | Entered Level 9 of a ziggurat
103789 | Zig:9    | Noticed an ancient lich
103789 | Zig:9    | Noticed an ancient lich
103790 | Zig:9    | Noticed a dread lich
103798 | Zig:9    | Killed an ancient lich
103807 | Zig:9    | Paralysed by a dread lich for 3 turns
103810 | Zig:9    | Killed an ancient lich
103811 | Zig:9    | Killed a dread lich
104141 | Zig:9    | Gained mutation: You frequently emit foul miasma when
                  | damaged in melee. [demonic ancestry]
104141 | Zig:9    | Reached XP level 26. HP: 267/267 MP: 43/43
104199 | Zig:10   | Entered Level 10 of a ziggurat
104219 | Zig:10   | Noticed Barych the pandemonium lord
104238 | Zig:10   | Killed Barych the pandemonium lord
104606 | Zig:10   | Identified the amulet "Kezemniu" {RegenMP +Inv Dex+3}
104619 | Zig:10   | Identified the amulet of Vualappo {Reflect +Inv SH+5}
104755 | Zot:1    | Entered Level 1 of the Realm of Zot
104785 | Zot:1    | Noticed an orb of fire
104791 | Zot:1    | Killed an orb of fire
105379 | Zot:1    | Noticed an orb of fire
105390 | Zot:1    | Gained mutation: You do not regenerate when monsters are
                  | visible. [an orb of fire]
105395 | Zot:1    | Killed an orb of fire
105652 | Zot:1    | Lost mutation: You do not regenerate when monsters are
                  | visible. [potion of mutation]
105652 | Zot:1    | Lost mutation: You expend magic power (3 MP) to strengthen
                  | your wands. [potion of mutation]
105652 | Zot:1    | Lost mutation: You possess an exceptional clarity of mind.
                  | [potion of mutation]
105652 | Zot:1    | Gained mutation: Your flesh is heat resistant. (rF+)
                  | [potion of mutation]
105652 | Zot:1    | Gained mutation: Your natural rate of healing is unusually
                  | fast. [potion of mutation]
105756 | Zot:1    | Noticed Grunn
105773 | Zot:1    | Killed Grunn
105784 | Zot:1    | Upgraded the game from 0.30.1 to 0.30.1-1-g62c8e00024
106287 | Zot:1    | Reached XP level 27. HP: 234/279 MP: 43/44
106456 | Zot:1    | Identified the +4 dagger "Ohurauw" {flame, rElec Dex+3
                  | Stlth+}
106834 | Zot:1    | Reached skill level 26 in Summonings
107063 | Zot:1    | Learned a level 8 spell: Summon Horrible Things
108367 | Zot:2    | Found a transporter.
108371 | Zot:2    | Found a transporter.
108371 | Zot:2    | Found a transporter.
108459 | Zot:2    | Found a transporter.
108970 | Zot:2    | Noticed a dread lich
110581 | Zot:3    | Identified the +3 sling of Fatigue {flame, Will+}
112110 | Zot:5    | Entered Level 5 of the Realm of Zot
112632 | Zot:5    | Noticed an orb of fire
112660 | Zot:5    | Gained mutation: You occasionally shout uncontrollably at
                  | your foes. [an orb of fire]
112681 | Zot:5    | Killed an orb of fire
112891 | Zot:5    | Noticed an ancient lich
112900 | Zot:5    | Noticed an orb of fire
112904 | Zot:5    | Noticed an orb of fire
112911 | Zot:5    | Noticed an orb of fire
112919 | Zot:5    | Killed an orb of fire
113018 | Zot:5    | Killed an orb of fire
113020 | Zot:5    | Noticed an orb of fire
113100 | Zot:5    | Noticed an orb of fire
113100 | Zot:5    | Noticed an orb of fire
113103 | Zot:5    | Noticed an orb of fire
113104 | Zot:5    | Noticed an ancient lich
113110 | Zot:5    | Noticed an orb of fire
113111 | Zot:5    | Noticed an ancient lich
113112 | Zot:5    | Killed an ancient lich
113120 | Zot:5    | Killed an ancient lich
113139 | Zot:5    | Killed an orb of fire
113225 | Zot:5    | Killed an orb of fire
113294 | Zot:5    | Killed an orb of fire
113441 | Zot:5    | Killed an ancient lich
113810 | Depths:1 | Learned a level 5 spell: Summon Forest
113811 | Depths:1 | Voluntarily entered the Abyss.
113811 | Abyss:1  | Identified the +8 glaive of Duty {flame, rC++ Str+3 Dex-5}
113811 | Abyss:1  | Found a corrupted altar of Lugonu.
113835 | Abyss:1  | Found a transporter.
113842 | Abyss:1  | Found a transporter.
113859 | Abyss:1  | Identified the ring of Devotion {rF+ rC+ Str+6}
113938 | Abyss:1  | Found a transporter.
113952 | Abyss:1  | Identified the ring of Moodiness {rElec rPois rC- Str+3
                  | Dex+6}
114206 | Abyss:3  | Found a corrupted altar of Lugonu.
114255 | Abyss:3  | Gained mutation: You passively dampen the noise of your
                  | surroundings. [a neqoxec]
114390 | Abyss:4  | Got an abyssal rune of Zot
114545 | Abyss:5  | Found a corrupted altar of Lugonu.
114552 | Depths:1 | Escaped the Abyss
114801 | Zot:5    | Got the Orb of Zot
114999 | Zot:2    | Noticed Huson the pandemonium lord
115600 | D:1      | Noticed Feppawaa the pandemonium lord
115603 | D:$      | Escaped with the Orb!

Illustrated notes

Levels and vault maps discovered:
D:1:      dreamdust_arrival_beginning_and_end, layout_rooms,
          hellmonk_ecumenical_altar_crossroads, minmay_pentomino_x2
D:2:      layout_basic
D:3:      cheibrodos_pilgrimage, layout_basic, ebering_ghost_sewer_f,
          minmay_misc_feat_ornament
D:4:      layout_basic, ashenzari_altar_1, temple_green, nicolae_eternal_life
D:5:      layout_loops_ring, nicolae_hexahallways, serial_bayou_pond_e,
          minivault_5, kennysheep_doodads, minivault_19, wad_rectangle_vault,
          uniq_pikel
D:6:      layout_cave_pools, serial_demonic, serial_demonic_f, serial_demonic_e,
          serial_demonic_c, serial_demonic_g, serial_demonic_b,
          serial_demonic_c, uniq_sigmund, uniq_grinder
D:7:      layout_basic, kennysheep_generic_room_5, uniq_crazy_yiuf_cottage
D:8:      layout_basic, minmay_lair_entry_grove, minivault_4,
          kennysheep_generic_room_4
D:9:      layout_loops_ring, amethyst_overflow_temple_binary, serial_rivers,
          chequers_serial_rivers_micro_d, chequers_serial_rivers_large_a,
          chequers_serial_rivers_room_a, chequers_serial_rivers_micro_e,
          uniq_prince_ribbit1
D:10:     layout_stronghold, enter_trove_6, nicolae_shop_i_like_small_books_too,
          eino_small_chamber_without_monster, grunt_ministairs_14,
          kennysheep_big_empty_room
D:11:     layout_rooms, lemuel_flamethrower_2, uniq_nergalle, uniq_lodul
D:12:     layout_rooms, david_orc_1_choice, special_room [special_room_bee]
D:13:     layout_basic, skrybe_vaults_entry_preservation, uniq_josephine
D:14:     layout_gridville, nicolae_cairo_tiling, guppyfry_shop_venom,
          uniq_louise
D:15:     gammafunk_depths_entry_grave, layout_cave_pools, serial_park,
          serial_park_avenue1, serial_park_square2,
          portal_ice_cave_entry_ice_statue_one, minivault_23
Lair:1:   layout_loops_ring, st_stairs_12, uniq_sonja
Lair:2:   layout_roguey, nicolae_swamp_entry_splash_gauntlet, nzn_ghost_randoct,
          infiniplex_staircase_pool_2
Lair:3:   nzn_winding_woodlands_three_and_one [nzn_winding_woodlands_5x15_cabin,
          nzn_winding_woodlands_5x15_crooked, nzn_winding_woodlands_5x15_jagged,
          nzn_winding_woodlands_center_pierced_h], layout_chaotic_city,
          nicolae_spider_entry_orb_guardian, lemuel_fruit_tree
Lair:4:   layout_loops_ring, minmay_slime_entry_jelly_boxes, beast_lair_carwin_8
Lair:5:   cheibrodos_lair_end_hotspot, layout_hall_layers
Swamp:1:  layout_basic_swamp, nicolae_swamp_very_dense_foliage
Swamp:2:  layout_basic_swamp, serial_swamp_ruin, evilmike_swamp_ruin_house_6,
          evilmike_swamp_ruin_house_3, kb_tengu_band
Swamp:3:  layout_basic_swamp, evilmike_swamp_ruin_rubble_2, uniq_roxanne
Swamp:4:  swamp_alternative, layout_basic_swamp, infiniplex_staircase_pool
Spider:1: layout_spider_delve, drop_trap, nicolae_spider_rock_and_or_roll
Spider:2: layout_chambers, ebering_ghost_xom
Spider:3: layout_spider_delve, uniq_jorgrun, uniq_arachne, uniq_azrael
Spider:4: grunt_spider_rune_circles, drop_trap, nicolae_spider_shape
Slime:1:  layout_caves
Slime:2:  layout_caves
Slime:3:  layout_caves, nicolae_slime_rock_hall_of_fame, uniq_dissolution
Slime:4:  layout_caves
Slime:5
Orc:1:    layout_caves, uniq_erolcha
Orc:2:    st_orc_pillars, layout_diamond_mine, serial_shops, shop, basic_altar,
          guppyfry_orc_lava_fort
Elf:1:    layout_onion_city, minmay_elf_necromancy, nicolae_shop_dragon_depot,
          uniq_nikola, uniq_agnes
Elf:2:    nicolae_elf_blades_crystal_corner, layout_gridlike, serial_shops,
          nicolae_lakefront_shop, uniq_asterion
Elf:3:    grunt_elf_hall_diamonds, layout_geoelf_octagon, serial_shops, shop
Vaults:1: ontoclasm_vaults_ring_large, nicolae_vaults_trapezoid_lopsided_4,
          nicolae_vaults_more_shelving_1, hangedman_vaults_stagger,
          vaults_room_semicircle, nicolae_vaults_tetromino_L_1,
          nicolae_vaults_house_3, ontoclasm_vaults_bender, nicolae_vaults_theta,
          special_room_vaults [special_room_orc], nicolae_vaults_asterisk,
          nicolae_vaults_tetromino_Z_1, layout_vaults_big_room, serial_shops,
          bzr_firewalk, nicolae_shop_behind_doors, nicolae_shop_window_shopping,
          nicolae_shop_overgrown_old_shop
Vaults:2: hellmonk_ghost_happy_afterlife, nicolae_vaults_security_offices_4,
          vaults_mumra_lcd, nicolae_vaults_frosty_reception,
          vaults_dpeg_emergency_exit, v_pattern_3, nicolae_vaults_tetromino_L_1,
          nicolae_vaults_wine_cellar, nicolae_vaults_cochlea,
          nicolae_vaults_ring_of_whatevers, vaults_room_fours,
          grunt_vaults_swirl, v_misc_4, nicolae_vaults_ring_of_whatevers,
          layout_vaults_maze_snakey
Vaults:3: serial_ice_b, v_alt_pattern_5, ontoclasm_vaults_spin,
          nicolae_vaults_shrinking_rooms_1, minmay_crypt_entry_simple_corners,
          nicolae_vaults_stairing_the_circle, vaults_room_semicircle,
          dpeg_vaults_monster_box, ontoclasm_vaults_eye,
          nicolae_vaults_storage_room_glass, layout_vaults_omnicross,
          serial_shops, nicolae_shop_trees
Vaults:4: nicolae_vaults_library_corner, nicolae_vaults_angled_halls,
          nicolae_vaults_little_squares_6, grunt_vaults_focal,
          nicolae_vaults_shelves_hall, v_misc_13, serial_ice_g,
          ontoclasm_vaults_hangar, nicolae_vaults_border_crossing,
          ontoclasm_vaults_ligature, nicolae_vaults_trapezoid_lopsided_1,
          layout_vaults_quadrants, serial_shops, nicolae_shop_industrial_runoff
Vaults:5: uniq_boris, uniq_frederick
Crypt:1:  layout_basic, grunt_crypt_arrival_webbed, grunt_megastairs_2
Crypt:2:  layout_catacombs, small_statue_intersection,
          nicolae_fountain_basement, uniq_xtahua, uniq_jory
Crypt:3:  lightli_unholy_cathedral, layout_chaotic_city,
          tomb_entry_simple_bobbens, minivault_4, nicolae_crypt_ancient_font,
          minivault_27
Depths:1: layout_forbidden_donut, enter_ziggurat_f, elyvilon_altar_3,
          abyss_entry, grunt_mini_vestibule, hangedman_aviary,
          minmay_shop_grove, uniq_enchantress
Depths:2: vault_1, layout_basic, rand_demon_pan_entry_4, hangedman_coc_ice_floe,
          serial_shops, nicolae_shop_advertising_works
          [nicolae_subvault_shop_adworks], nicolae_shop_real_fake_doors
Depths:3: minmay_two_paths, layout_gridville, zin_angel,
          pf_hell_entry_tar_river, abyss_entry
Depths:4: grunt_x_marks_the_spot, layout_cave_pools,
          chequers_serial_rivers_micro_a, gammafunk_ghost_wrathful_warriors,
          grunt_hell_entry_dis_old, grunt_decor_mini_mirrors, uniq_saint_roka
Zot:1:    infiniplex_zot_generator, layout_twisted_circle, grunt_ministairs_7,
          hangedman_swamp_dais, uniq_grunn
Zot:2:    grunt_deathspiral_small, layout_onion_interference,
          nicolae_diode_intersection
Zot:3:    kennysheep_oblong_rooms, layout_basic
Zot:4:    layout_misc_corridors
Zot:5:    layout_gridlike

Skill      XL: |  1  2  3  4  5  6  7  8  9 10 11 12 13 14 15 16 17 18 19 20 21 22 23 24 25 26 27 |
---------------+----------------------------------------------------------------------------------+-----
Dodging        | 2 3 4 5 6 7 8 10 11 12 13 14 15 16 19 | 19.0
Stealth        | 2 3 4 |  4.6
Fighting       | 1 2 3 4 5 6 7 9 10 12 13 14 15 16 17 21 | 21.5
Spellcasting   | 3 4 5 6 7 8 10 11 12 13 15 16 17 20 | 20.0
Hexes          | 1 2 3 5 |  5.0
Summonings     | 5 6 7 8 9 10 11 12 13 14 15 18 20 22 24 25 26 | 26.0
Air Magic      | 2 3 5 6 7 |  7.0
Transmutations | 1 4 5 |  5.0
Translocations | 3 5 6 9 11 12 13 15 16 | 16.0
Fire Magic     | 4 5 |  5.2
Necromancy     | 4 12 14 | 14.8
Short Blades   | 8 10 | 10.0
Conjurations   | 11 14 | 14.1
Shields        | 6 7 |  7.0
Armour         | 4 5 |  5.0

Action                     |  1- 3 |  4- 6 |  7- 9 | 10-12 | 13-15 | 16-18 | 19-21 | 22-24 | 25-27 || total
---------------------------+-------+-------+-------+-------+-------+-------+-------+-------+-------++-------
  Melee: Club              |    11 |       |       |       |       |       |       |       |       ||    11
         Unarmed           |     4 |       |       |       |       |       |       |       |       ||     4
         Dagger            |    11 |    10 |   114 |    98 |   236 |   273 |   336 |   327 |   184 ||  1589
         Punch             |       |       |     1 |     1 |    13 |     5 |     8 |    10 |       ||    38
         Scimitar          |       |       |       |    48 |   318 |    39 |       |       |       ||   405
         Flail             |       |       |       |       |       |       |       |       |    49 ||    49
   Fire: Sling             |    27 |   116 |    16 |       |       |       |       |       |       ||   159
  Throw: Throwing net      |       |       |       |       |       |       |     5 |     6 |       ||    11
         Javelin           |       |       |       |       |       |       |       |    16 |     4 ||    20
         Dart              |       |       |       |       |       |       |       |       |     3 ||     3
   Cast: Summon Small Mamm |    21 |     9 |    16 |     9 |    19 |     4 |       |       |       ||    78
         Call Imp          |     4 |    10 |    20 |    11 |    16 |     1 |       |       |       ||    62
         Call Canine Famil |     3 |    16 |    32 |    37 |    63 |     4 |       |       |       ||   155
         Summon Guardian G |       |     2 |    22 |    44 |    34 |     3 |     3 |       |       ||   108
         Summon Lightning  |       |       |     3 |    49 |   101 |    41 |    15 |    14 |    10 ||   233
         Wereblood         |       |       |     1 |     7 |    45 |     1 |     1 |       |       ||    55
         Blink             |       |       |       |       |     6 |     7 |     6 |     5 |       ||    24
         Summon Cactus Gia |       |       |       |       |    70 |    61 |    22 |     3 |     1 ||   157
         Inner Flame       |       |       |       |       |     8 |    21 |       |     2 |     7 ||    38
         Summon Hydra      |       |       |       |       |       |   193 |   249 |   112 |   124 ||   678
         Malign Gateway    |       |       |       |       |       |    41 |    89 |    66 |    48 ||   244
         Haunt             |       |       |       |       |       |    33 |    28 |    53 |    10 ||   124
         Summon Mana Viper |       |       |       |       |       |       |    30 |    43 |    29 ||   102
         Dragon's Call     |       |       |       |       |       |       |       |    15 |    37 ||    52
         Dispel Undead     |       |       |       |       |       |       |       |    40 |     6 ||    46
         Summon Horrible T |       |       |       |       |       |       |       |       |    25 ||    25
 Invoke: Potion Petition   |       |       |       |       |     2 |     7 |     2 |     6 |     6 ||    23
         Call Merchant     |       |       |       |       |     2 |       |     1 |       |       ||     3
         Bribe Branch      |       |       |       |       |       |       |       |     1 |     5 ||     6
  Evoke: Wand              |       |       |     7 |    11 |     9 |    30 |     2 |    18 |    11 ||    88
         Phial of floods   |       |       |       |       |     2 |       |     1 |     1 |     1 ||     5
         Phantom mirror    |       |       |       |       |       |     2 |     1 |     1 |     1 ||     5
         Condenser vane    |       |       |       |       |       |       |     2 |     2 |     1 ||     5
    Use: Scroll            |     8 |    10 |     4 |    11 |     6 |    21 |    14 |    18 |     6 ||    98
         Potion            |       |       |     1 |     3 |     9 |    18 |    18 |    14 |    20 ||    83
   Stab: Distracted        |       |       |     3 |     2 |     9 |     4 |    14 |     2 |     6 ||    40
         Sleeping          |       |       |     2 |     3 |     3 |     4 |     7 |     8 |     1 ||    28
         Invisible         |       |       |       |     3 |     8 |       |       |     9 |       ||    20
         Held in net/web   |       |       |       |       |       |       |       |     3 |       ||     3
 Armour: Robe              |     5 |    29 |    51 |    53 |   147 |   110 |    86 |    13 |       ||   494
         Skin              |       |       |       |       |       |    17 |       |       |       ||    17
         Acid dragon scale |       |       |       |       |       |       |       |   114 |   119 ||   233
  Dodge: Dodged            |    16 |    50 |   134 |   206 |   571 |   462 |   621 |   433 |   385 ||  2878
  Block: Buckler           |       |       |       |       |       |       |    10 |    25 |   141 ||   176
